 Dungeon Crawl Stone Soup version 0.26-a0-818-g75db068ed4 (webtiles) character file.

Game seed: 499586422453711812

13086 YayAnonymity the Cleaver (level 12, -1/97 HPs)
             Began as a Formicid Fighter on Nov 15, 2020.
             Was an Elder of Qazlal.
             Slain by a death yak (20 damage)
             ... on level 11 of the Dungeon.
             The game lasted 00:15:54 (10688 turns).

YayAnonymity the Cleaver (Formicid Fighter)        Turns: 10688, Time: 00:15:55

Health: -1/97      AC: 15    Str: 25    XL:     12   Next: 28%
Magic:  13/19      EV:  7    Int:  9    God:    Qazlal [****..]
Gold:   577        SH: 23    Dex: 10    Spells: 11/11 levels left

rFire    + . .     SeeInvis +   b - +11 mace of Valiance {freeze, rF+ rN+}
rCold    . . .     Faith    .   c - +1 kite shield
rNeg     + . .     Spirit   .   J - +0 plate armour
rPois    .         Reflect  +   (helmet unavailable)
rElec    .         Harm     .   E - +0 cloak
rCorr    .         Rampage  .   (no gloves)
MR       ++...                  r - +0 pair of boots
Stlth    ..........             H - amulet of reflection
HPRegen  0.26/turn              x - ring of protection from magic
MPRegen  0.16/turn              (no ring)

@: repel missiles
A: permanent stasis, dig shafts and tunnels, four strong arms, antennae 3
a: Dig, Shaft Self, Upheaval, Elemental Force, Renounce Religion


You were on level 11 of the Dungeon.
You worshipped Qazlal.
Qazlal was greatly pleased with you.
You visited 2 branches of the dungeon, and saw 12 of its levels.

You collected 577 gold pieces.

Inventory:

Hand Weapons
 a - a +2 vorpal battleaxe
 b - the +11 mace of Valiance (weapon) {freeze, rF+ rN+}
   (You took it off an orc on level 5 of the Dungeon)

   It has been specially enchanted to freeze those struck by it, causing extra
   injury to most foes and up to half again as much damage against particularly
   susceptible opponents.
   It can also slow down cold-blooded creatures.
   It protects you from fire.
   It protects you from negative energy.
Missiles
 g - 6 silver javelins
 k - 3 curare-tipped darts
 l - 49 poisoned darts (quivered)
Armour
 c - a +1 kite shield (worn)
 r - a +0 pair of boots (worn)
 E - a +0 cloak (worn)
 J - a +0 plate armour (worn)
Jewellery
 x - a ring of protection from magic (left hand)
 H - an amulet of reflection (around neck)
Wands
 i - a wand of flame (9)
 v - a wand of paralysis (9)
 A - a wand of random effects (22)
 B - a wand of acid (13)
 D - a wand of enslavement (8)
 K - a wand of polymorph (12)
Scrolls
 e - 3 scrolls of immolation
 h - 3 scrolls of noise
 o - 3 scrolls of magic mapping
 C - 3 scrolls of enchant weapon
 F - 3 scrolls of identify
 G - 3 scrolls of remove curse
 I - a scroll of fear
Potions
 d - 3 potions of might
 f - 5 potions of degeneration
 j - a potion of flight
 m - 3 potions of heal wounds
 n - 2 potions of attraction
 p - 4 potions of curing
 q - 2 potions of mutation
 s - 2 potions of lignification
 t - 2 potions of invisibility
 u - 2 potions of brilliance
 w - 3 potions of ambrosia
 z - 2 potions of cancellation


   Skills:
 + Level 9.9 Fighting
 * Level 12.0 Axes
 + Level 7.3 Armour
 - Level 9.0 Shields
 + Level 9.6 Invocations


You had 11 spell levels left.
You didn't know any spells.
Your spell library contained the following spells:

 Spells                   Type           Power        Failure   Level
 Magic Dart               Conj           #...         99%         1
 Shock                    Conj/Air       #...         99%         1
 Summon Small Mammal      Summ           #...         99%         1
 Call Imp                 Summ           #.......     100%        2
 Slow                     Hex            #.......     100%        2
 Call Canine Familiar     Summ           #.......     100%        3
 Conjure Flame            Conj/Fire      #.......     100%        3
 Mephitic Cloud           Conj/Pois/Air  #.......     100%        3
 Static Discharge         Conj/Air       #.......     100%        3
 Summon Guardian Golem    Hex/Summ       #.......     100%        3
 Airstrike                Air            #.........   100%        4
 Summon Ice Beast         Ice/Summ       #.......     100%        4
 Summon Lightning Spire   Summ/Air       #.......     100%        4
 Lightning Bolt           Conj/Air       #.........   100%        5
 Blink                    Tloc           Unusable     N/A         2
 Swiftness                Air            Unusable     N/A         2

Dungeon Overview and Level Annotations

Branches:
Dungeon (11/15)            Temple (1/1) D:5
   Lair: D:8-11         Orc: D:9-12

Altars:
Ashenzari
Cheibriados
Dithmenos
Elyvilon
Fedhas
Gozag
Hepliaklqana
Kikubaaqudgha
Makhleb
Nemelex Xobeh
Okawaru
Qazlal
Ru
Sif Muna
Trog
Uskayaw
Vehumet
Wu Jian
Xom
Yredelemnul
Zin
The Shining One

Shops:
D:5 (   D:8 ==   D:10 =


Innate Abilities, Weirdness & Mutations

You cannot be hasted, slowed, berserked, paralysed or teleported.
You can dig through walls and to a lower floor.
Your four strong arms can wield two-handed weapons with a shield.
You have a pair of large antennae on your head. (SInv)


Message History

The yak is engulfed in freezing vapours.
You block the death yak's attack.
You sock the death yak! You freeze the death yak.
The death yak is heavily wounded.
The yak is engulfed in freezing vapours.
You kill the yak!
Qazlal accepts your kill. You block the death yak's attack.
Your Axes skill increases to level 12!
You hit the death yak. You freeze the death yak.
The death yak is heavily wounded.
You block the death yak's attack.
You hit the death yak but do no damage.
The death yak is heavily wounded.
You block the death yak's attack.
The yak is engulfed in freezing vapours.
You sock the death yak! You freeze the death yak.
The death yak is severely wounded.
The death yak gores you!!
You die...

#.... . ##...
..###.... ....
......... ......
........# ......
#....☼..##+...... {
#.......##....... {
#......@##...... {#
#....§##YY.....#
.#### #.... #.†.#####
.... ##.. #...# #####
#?. #...# .... ..
#...# ######### #
.######.#####........
<...[.........#######
..#####>#....###.....


You could see a death yak and a yak.

Vanquished Creatures
  Harold (D:9)
  A two-headed ogre (D:10)
  2 death yaks (D:11)
  Pikel (D:9)
  2 manticores (D:11)
  Joseph (D:10)
  A gargoyle (D:10)
  A troll (D:9)
  A hornet (D:8)
  Sigmund (D:5)
  12 yaks
  6 sky beasts
  A hornet zombie (D:8)
  An eye of draining (D:8)
  8 orc warriors
  4 ice beasts
  3 phantoms
  7 centaurs
  3 ogres (D:9)
  A lemure (D:9)
  2 big kobolds
  2 bullfrogs
  A water moccasin zombie (D:7)
  A scorpion (D:10)
  18 killer bees
  3 wights (D:10)
  3 howler monkeys
  A crimson imp (D:5)
  A centaur zombie (D:8)
  2 centaur skeletons
  5 hounds
  A jelly (D:8)
  10 orc priests
  A bullfrog skeleton (D:7)
  7 iguanas
  8 orc wizards
  13 worker ants
  A killer bee zombie (D:6)
  2 hound skeletons
  2 worker ant zombies
  10 adders
  4 gnolls
  2 shadow imps
  4 white imps
  3 ufetubi
  2 oozes
  3 adder zombies
  2 adder skeletons
  5 worms
  5 dart slugs
  3 leopard geckos
  42 orcs
  5 giant cockroaches
  13 goblins
  16 hobgoblins
  20 jackals
  6 quokkas
  7 ball pythons
  9 bats
  6 frilled lizards
  16 kobolds
  9 rats
334 creatures vanquished.

Vanquished Creatures (others)
  A bush (D:6)
  12 fungi (D:2)
  4 toadstools (D:2)
17 creatures vanquished.

Grand Total: 351 creatures vanquished

Notes
Turn   | Place    | Note
-------+----------+-------------------------------------------
     0 | D:1      | YayAnonymity the Formicid Fighter began the quest for the
                  | Orb.
     0 | D:1      | Reached XP level 1. HP: 18/18 MP: 1/1
    73 | D:1      | Reached XP level 2. HP: 22/24 MP: 2/2
   201 | D:1      | Reached XP level 3. HP: 22/29 MP: 3/3
   256 | D:1      | Reached skill level 3 in Axes
   761 | D:2      | Reached XP level 4. HP: 15/37 MP: 4/4
   956 | D:2      | Noticed a centaur
   964 | D:2      | Killed a centaur
   965 | D:2      | Reached XP level 5. HP: 32/42 MP: 5/5
   969 | D:2      | Reached skill level 4 in Axes
  1067 | D:2      | Found a blossoming altar of Fedhas.
  1222 | D:2      | Found a glowing golden altar of the Shining One.
  1235 | D:2      | Became a worshipper of the Shining One
  1316 | D:2      | Found a sacrificial altar of Ru.
  1459 | D:2      | Reached XP level 6. HP: 44/49 MP: 6/6
  2153 | D:3      | Reached skill level 1 in Invocations
  2335 | D:3      | Reached skill level 5 in Shields
  2631 | D:3      | Found a sparkling altar of Nemelex Xobeh.
  2698 | D:3      | Reached * piety under the Shining One
  2945 | D:4      | Reached XP level 7. HP: 55/55 MP: 8/8
  2953 | D:4      | Reached skill level 5 in Axes
  3271 | D:4      | Reached skill level 5 in Fighting
  3772 | D:5      | Entered Level 5 of the Dungeon
  3831 | D:5      | Reached XP level 8. HP: 40/62 MP: 10/10
  3896 | D:5      | Reached skill level 6 in Axes
  4223 | D:5      | Found a staircase to the Ecumenical Temple.
  4283 | Temple   | Entered the Ecumenical Temple
  4377 | Temple   | Fell from the grace of the Shining One
  4377 | Temple   | Became a worshipper of Qazlal Stormbringer
  4414 | D:5      | Noticed Sigmund
  4425 | D:5      | Killed Sigmund
  4491 | D:5      | Identified the +11 mace of Valiance {freeze, rF+ rN+}
  4701 | D:5      | Found Vyehyf's Antique Weapon Emporium.
  4980 | D:5      | Found a shimmering altar of Xom.
  4981 | D:5      | Found a burning altar of Makhleb.
  5016 | D:6      | Reached skill level 7 in Axes
  5020 | D:6      | Reached XP level 9. HP: 51/69 MP: 12/12
  5143 | D:6      | Reached * piety under Qazlal
  5211 | D:6      | Reached skill level 5 in Invocations
  5855 | D:7      | Found an iron altar of Okawaru.
  5863 | D:7      | Found a hazy altar of Hepliaklqana.
  5904 | D:7      | Found a white marble altar of Elyvilon.
  5939 | D:7      | Reached skill level 8 in Axes
  6261 | D:7      | Found an opulent altar of Gozag.
  6418 | D:7      | Reached ** piety under Qazlal
  6881 | D:8      | Noticed a hornet
  6887 | D:8      | Killed a hornet
  6890 | D:8      | Reached XP level 10. HP: 61/79 MP: 14/14
  7084 | D:8      | Found Nita's Jewellery Boutique.
  7190 | D:8      | Identified a scroll of acquirement
  7190 | D:8      | Acquired a +2 vorpal battleaxe
  7522 | D:8      | Reached skill level 9 in Axes
  7529 | D:8      | Found Cuphouc's Jewellery Boutique.
  8146 | D:9      | Noticed Pikel
  8157 | D:9      | Killed Pikel
  8197 | D:9      | Reached *** piety under Qazlal
  8264 | D:9      | Reached skill level 10 in Axes
  8267 | D:9      | Reached XP level 11. HP: 34/87 MP: 16/16
  8511 | D:9      | Found a snail-covered altar of Cheibriados.
  8623 | D:9      | Found a glowing golden altar of the Shining One.
  8632 | D:9      | Found a basalt altar of Yredelemnul.
  8638 | D:9      | Noticed an angel
  8808 | D:9      | Found a shadowy altar of Dithmenos.
  8857 | D:9      | Reached skill level 5 in Armour
  8963 | D:10     | Entered Level 10 of the Dungeon
  9171 | D:10     | Noticed Harold
  9207 | D:9      | Killed Harold
  9493 | D:10     | Reached skill level 11 in Axes
  9739 | D:10     | Reached **** piety under Qazlal
  9745 | D:10     | Noticed a two-headed ogre
  9760 | D:10     | Killed a two-headed ogre
  9918 | D:10     | Found Tadulank's Jewellery Shoppe.
  9964 | D:10     | Noticed Joseph
  9974 | D:10     | Killed Joseph
 10437 | D:11     | Noticed a manticore
 10440 | D:11     | Killed a manticore
 10647 | D:11     | Noticed a manticore
 10650 | D:11     | Noticed a death yak
 10650 | D:11     | Noticed a death yak
 10656 | D:11     | Noticed a death yak
 10657 | D:11     | Killed a manticore
 10658 | D:11     | Reached XP level 12. HP: 53/96 MP: 18/18
 10674 | D:11     | Killed a death yak
 10679 | D:11     | Killed a death yak
 10686 | D:11     | Reached skill level 12 in Axes
 10688 | D:11     | Slain by a death yak

Illustrated notes

Levels and vault maps discovered:
D:1:      lightli_arrival_boilingwater, layout_basic, minmay_pentomino_u4
D:2:      layout_basic, lemuel_crystal_altar, nicolae_ru_sacrificial_ziggurat,
          minmay_gold_behind_fungi, nicolae_tso_swordbearing_angel
D:3:      layout_rooms, nemelex_xobeh_ov_fountains_minmay,
          minmay_fractal_squares_diagonal_5
D:4:      layout_rooms, guppyfry_early_orc_mine
D:5:      layout_cave_pools, grunt_temple_overflow_champion_of_chaos,
          minmay_temple_entry_tees, serial_shops, kennysheep_mini, minivault_25,
          sigmund_army, uniq_sigmund
D:6:      layout_rooms, kb_lookout_dungeons_type
D:7:      layout_gridville, elyvilon_altar_1, nicolae_gozag_seed_capital,
          nicolae_overflow_hidden_temple
D:8:      layout_gridville, serial_shops, nicolae_shop_statue_plus,
          nicolae_shop_stone
D:9:      layout_cave_pools, grunt_temple_overflow_holy_war,
          cheibriados_altar_1, lemuel_crystal_altar, uniq_pikel
D:10:     layout_small_grid, serial_shops, nicolae_shop_waterfront, uniq_joseph,
          uniq_harold
D:11:     minmay_tearing_corner, layout_basic, dpeg_lair_monsters, orc_0_dummy,
          serial_co_window_serial, co_window_paths_b, co_window_paths_a,
          co_window_paths_a, co_window_paths_b, co_window_paths_b,
          co_window_corner_cb, co_window_of_opportunity_c, co_window_2corner,
          co_window_4corner_a, co_window_paths_d, minmay_misc_feat_tiny
Temple:   dpeg_three_leaves_temple

Skill      XL: |  1  2  3  4  5  6  7  8  9 10 11 12 |
---------------+-------------------------------------+-----
Shields        | 4 5 6 7 9 |  9.0
Axes           | 3 4 5 7 8 10 11 12 | 12.0
Fighting       | 4 5 6 7 8 9 |  9.9
Invocations    | 2 3 4 6 7 9 |  9.6
Armour         | 4 6 7 |  7.3

Action                   |  1- 3 |  4- 6 |  7- 9 | 10-12 || total
-------------------------+-------+-------+-------+-------++-------
Melee: War axe           |   103 |   163 |   115 |       ||   381
       Mace              |       |       |   157 |    54 ||   211
       Battleaxe         |       |       |       |   231 ||   231
Invok: Upheaval          |       |       |       |     2 ||     2
 Abil: Dig               |       |       |     1 |       ||     1
  Use: Scroll            |       |     9 |     9 |     7 ||    25
       Potion            |       |     1 |       |     1 ||     2
Armor: Scale mail        |    44 |    44 |     8 |       ||    96
       Chain mail        |       |       |    95 |    49 ||   144
       Plate armour      |       |       |       |    73 ||    73
Dodge: Dodged            |    50 |    52 |    66 |    73 ||   241
       Repelled          |       |       |       |     1 ||     1
Block: Kite shield       |    65 |    74 |   198 |   388 ||   725
       Reflection        |       |       |       |    29 ||    29

Table legend: (Time is in decaauts)
 A = Elapsed time spent in this place.
 B = Non-inter-level travel time spent in this place.
 C = Inter-level travel time spent in this place.
 D = Time resting spent in this place.
 E = Time spent auto-exploring this place.
 F = Levels seen in this place.
 G = Mean time per level.
                   A        B        C        D        E       F      G
               +--------+--------+--------+--------+--------+-----+--------+
         Total |  10899 |  10416 |    483 |   1262 |   7096 |  12 |  908.2 |
       Dungeon |  10792 |  10347 |    445 |   1262 |   7029 |  11 |  981.1 |
        Temple |    106 |     68 |     38 |      0 |     67 |   1 |  106.0 |
               +--------+--------+--------+--------+--------+-----+--------+

Top non-repeatable levels by time:
     D:8: 1560 daAuts
     D:2: 1422 daAuts
     D:9: 1152 daAuts
     D:5: 1146 daAuts
     D:7: 954 daAuts
    D:10: 946 daAuts
     D:6: 863 daAuts
     D:4: 858 daAuts
     D:3: 818 daAuts
     D:1: 783 daAuts
    D:11: 286 daAuts
  Temple: 106 daAuts
